 Dungeon Crawl Stone Soup version 0.20-a0-1036-g4d371cd (webtiles) character file.

547 Rrauwl the Skirmisher (level 7, 0/58 HPs)
             Began as a Formicid Monk on Apr 22, 2017.
             Succumbed to Rrauwl's ghost's poison
             ... on level 3 of the Dungeon.
             The game lasted 00:08:27 (2198 turns).

Rrauwl the Skirmisher (Formicid Monk)               Turns: 2198, Time: 00:08:28

Health: 0/58       AC:  3    Str: 17    XL:     7   Next: 53%
Magic:  7/7        EV: 14    Int: 10    God:
Gold:   116        SH:  0    Dex: 13    Spells: 6/6 levels left

rFire    . . .     SeeInvis +   l - +1 short sword (venom)
rCold    . . .     Gourm    .   (no shield)
rNeg     . . .     Faith    .   f - +0 leather armour (curse)
rPois    .         Spirit   .   (helmet unavailable)
rElec    .         Reflect  .   (no cloak)
rCorr    .         Harm     .   (no gloves)
MR       .....                  (no boots)
Stlth    +++.......             (no amulet)
Regen    0.2/turn               (no ring)
MPRegen  0.1/turn               (no ring)

@: lethally poisoned (0 -> -19)
A: permanent stasis, dig shafts and tunnels, four strong arms, antennae 3
a: Dig, Shaft Self


You were on level 3 of the Dungeon.
You were not hungry.

You visited 1 branch of the dungeon, and saw 3 of its levels.

You collected 116 gold pieces.

Inventory:

Hand Weapons
 l - a +1 short sword of venom (weapon)
Armour
 a - a +0 robe
 f - a cursed +0 leather armour (worn)
 j - a +1 scale mail
Wands
 n - a wand of random effects (21/48)
 o - a wand of random effects (15/48)
Scrolls
 c - 2 scrolls of identify
 m - a scroll of recharging
Potions
 d - a potion of flight
Comestibles
 b - a bread ration
 g - a royal jelly
 h - 2 chunks of flesh
 i - a meat ration


   Skills:
 - Level 6.0 Fighting
 + Level 5.3 Armour
 - Level 5.0 Dodging
 - Level 5.2 Stealth
 - Level 0.2 Unarmed Combat


You had 6 spell levels left.
You didn't know any spells.

Dungeon Overview and Level Annotations

Branches:
Dungeon (3/15)

Altars:

Annotations:
D:3 Rrauwl's ghost, amateur FoMo


Innate Abilities, Weirdness & Mutations

You cannot be hasted, slowed, berserked, paralysed or teleported.
You can dig through walls and to a lower floor.
Your four strong arms can wield two-handed weapons with a shield.
You have a pair of large antennae on your head. (SInv)


Message History

The jackal is moderately wounded.
* * * LOW HITPOINT WARNING * * *
You feel sick. The jackal barely misses you. Rrauwl's ghost hits you.
* * * LOW HITPOINT WARNING * * *
The jackal misses you.
You closely miss the jackal.
The jackal is moderately wounded.
* * * LOW HITPOINT WARNING * * *
You feel sick. The jackal closely misses you. Rrauwl's ghost misses you.
You hit the jackal.
You kill the jackal!
* * * LOW HITPOINT WARNING * * *
You feel sick.
Rrauwl's ghost keens inconsolably.
Rrauwl's ghost hits you but does no damage.
You are more poisoned.
* * * LOW HITPOINT WARNING * * *
You feel sick.
You see here a jackal corpse.
You die...

# ### . ##.##.#
##.........####...#.###
'.........+ .........
......... #...#.##
....... ##@#...## #
..... ##†#..r..# # ...
#W#†.....# # #'#
##.#.....# # #.#
#.##...## # ##.# #.#
#### ##..## #.# #
##....#######.#
###.............#


You could see Rrauwl's ghost and a rat (wandering).

Vanquished Creatures
  Grinder (D:3)
  Sigmund (D:2)
  An orc priest (D:3)
  Natasha (thrice) (D:2)
  3 adders (D:2)
  4 worms
  2 dart slugs
  A leopard gecko (D:1)
  4 orcs
  3 giant cockroaches
  9 goblins
  8 hobgoblins
  6 jackals
  6 bats
  3 frilled lizards
  5 kobolds
  7 rats
67 creatures vanquished.

Notes
Turn   | Place    | Note
-------+----------+-------------------------------------------
     0 | D:1      | Rrauwl the Formicid Monk began the quest for the Orb.
     0 | D:1      | Reached XP level 1. HP: 20/20 MP: 1/1
    98 | D:1      | Reached XP level 2. HP: 26/26 MP: 2/2
   238 | D:1      | Reached skill level 5 in Stealth
   367 | D:1      | Reached XP level 3. HP: 28/31 MP: 3/3
   660 | D:2      | Noticed Sigmund
   692 | D:2      | Killed Sigmund
   692 | D:2      | Reached skill level 5 in Fighting
   692 | D:2      | Reached XP level 4. HP: 8/40 MP: 4/4
   692 | D:2      | Reached XP level 5. HP: 10/46 MP: 5/5
   973 | D:2      | Reached XP level 6. HP: 46/52 MP: 6/6
  1023 | D:2      | Reached skill level 5 in Dodging
  1034 | D:2      | Reached skill level 6 in Fighting
  1056 | D:2      | Reached skill level 1 in Armour
  1282 | D:2      | Noticed Natasha
  1296 | D:2      | Killed Natasha
  1376 | D:2      | Noticed Natasha
  1385 | D:2      | Killed Natasha
  1461 | D:2      | Noticed Natasha
  1469 | D:2      | Killed Natasha
  1742 | D:3      | Noticed Grinder
  1865 | D:3      | Killed Grinder
  1865 | D:3      | Reached skill level 5 in Armour
  1865 | D:3      | Reached XP level 7. HP: 19/58 MP: 7/7
  2088 | D:3      | Noticed Rrauwl's ghost (amateur FoMo)
  2197 | D:3      | HP: 2/58 [poisoned by Rrauwl's ghost]
  2198 | D:3      | Succumbed to Rrauwl's ghost's poison

Vault maps used:
D:1:      lordsloth_arrival_two_stooges
D:2:      uniq_natasha, uniq_sigmund
D:3:      minmay_randomly_rotated_circles, uniq_ijyb, uniq_grinder, uniq_robin

Skill      XL: |  1  2  3  4  5  6 |
---------------+-------------------+-----
Stealth        | 5 |  5.2
Dodging        | 4 5 |  5.0
Fighting       | 5 6 |  6.0
Armour         | 5 |  5.3
Unarmed Combat | |  0.2

Action                   |  1- 3 |  4- 6 |  7- 9 || total
-------------------------+-------+-------+-------++-------
Melee: Dagger            |    22 |       |       ||    22
       Unarmed           |     5 |       |       ||     5
       Short sword       |    50 |   110 |    25 ||   185
Evoke: Wand              |       |     2 |     1 ||     3
  Use: Potion            |     3 |     3 |       ||     6
       Scroll            |       |     6 |       ||     6
 Stab: Sleeping          |     6 |     3 |       ||     9
       Distracted        |     1 |       |       ||     1
  Eat: Chunk             |       |     3 |     1 ||     4
Armor: Leather armour    |    16 |    14 |     6 ||    36
Dodge: Dodged            |    59 |    72 |    18 ||   149
